Map: 카이로스 정션 - 래더

Players

Serral

  • Race: Zerg Zerg

INnoVation - Winner!

  • Race: Terran Terran

Event: WESG 2018 Grand Finals

VOD

Have the link to the VOD?

Description

Time

  • Played on: March 17, 2019, 4:33 a.m.
  • Length: 10:29

All games in this series

Show
View Real Time Build Order
Export as new Build Order

Serral Zerg 

Build Orders: Hatch First 

Get SALT Encoding   

  12  0:01  Drone  
  13  0:12  Overlord  
  13  0:17  Drone  
  14  0:31  Drone x2  
  16  0:48  Hatchery  
  15  0:51  Drone  
  15  0:55  Drone  
  17  0:58  Drone  
  18  1:09  Extractor  
  17  1:13  Spawning Pool  
  17  1:17  Drone  
  17  1:20  Drone  
  18  1:28  Drone  
  19  1:39  Drone  
  20  1:49  Overlord  
  20  1:59  Queen x2  
  20  2:00  Zergling x4  
  26  2:11  Drone  
  26  2:12  Drone  
  26  2:13  Metabolic Boost  
  28  2:24  Drone x2  
  30  2:35  Hatchery  
  29  2:38  Drone  
  30  2:44  Queen  
  30  2:50  Overlord  
  32  2:53  Drone  
  32  2:55  Drone  
  32  2:57  Zergling x2  
  35  2:59  Drone  
  36  3:10  Drone x2  
  36  3:11  Drone x2  
  36  3:12  Drone  
  41  3:17  Zergling x2  
  42  3:20  Queen  
  42  3:22  Overlord  
  44  3:36  Roach Warren  
  44  3:40  Zergling x4  
  45  3:42  Drone x4  
  45  3:45  Drone  
  45  3:48  Lair  
  50  3:50  Drone  
  50  3:52  Drone, Extractor x2  
  50  4:00  Drone x3  
  53  4:03  Drone x2  
  53  4:06  Overlord  
  55  4:14  Pneumatized Carapace  
  55  4:17  Overlord  
  55  4:18  Zergling x2  
  55  4:20  Overlord  
  56  4:24  Roach  
  56  4:25  Roach  
  56  4:28  Roach  
  56  4:31  Roach x2  
  66  4:36  Overlord  
  66  4:37  Roach  
  68  4:42  Roach x2  
  72  4:46  Roach  
  74  4:53  Zergling x10  
  79  5:01  Overlord  
  79  5:03  Zergling x6  
  82  5:16  Ravager x3  
  82  5:17  Overlord  
  82  5:18  Zergling x10  
  90  5:25  Ravager  
  91  5:33  Zergling x2  
  91  5:34  Zergling x12  
  98  5:42  Overlord x2  
  98  5:47  Spore Crawler  
  98  5:48  Overlord x2, Extractor  
  98  5:49  Ravager x2  
  98  5:55  Overlord  
  100  5:59  Overlord  
  100  6:02  Overlord  
  100  6:08  Zergling x10  
  100  6:09  Ravager x2  
  107  6:12  Queen  
  105  6:20  Ravager, Zergling x12  
  105  6:25  Zergling x4  
  91  6:34  Zergling x6  
  76  6:40  Queen  
  76  6:45  Roach x5  
  85  6:56  Roach x3  
  91  7:06  Drone x2  
  91  7:08  Ravager x2  
  95  7:10  Roach  
  95  7:11  Zergling x4  
  99  7:18  Roach x2  
  99  7:19  Roach  
  99  7:21  Overlord  
  105  7:23  Zergling x2  
  90  7:31  Roach x3, Zergling x4  
  90  7:35  Roach  
  80  7:46  Roach x3  
  80  7:48  Evolution Chamber  
  85  7:52  Glial Reconstitution  
  85  7:56  Overlord  
  85  8:04  Drone x3  
  85  8:05  Drone x2  
  90  8:10  Roach x2  
  94  8:14  Queen x3  
  94  8:15  Zerg Ground Armor Level 1  
  94  8:16  Ravager  
  94  8:18  Overlord  
  101  8:22  Roach  
  101  8:23  Roach  
  105  8:30  Roach x2  
  109  8:38  Roach  
  109  8:39  Roach x2  
  110  8:45  Overlord  
  110  8:47  Roach x3  
  116  8:52  Roach  
  116  8:53  Roach  
  114  9:09  Extractor  
  111  9:12  Roach x6  
  111  9:14  Overlord  
  111  9:15  Overlord  
  111  9:16  Roach  
  125  9:25  Extractor  
  125  9:26  Zergling x6  
  127  9:33  Overlord x2  
  127  9:36  Zergling x2  
  127  9:38  Ravager  
  127  9:39  Ravager  
  127  9:40  Zergling x18  
  127  9:42  Overseer  
  127  9:45  Ravager  
  138  9:51  Roach x2, Zergling x2  
  111  9:59  Ravager  
  101  10:00  Roach x2  
Show
View Real Time Build Order
Export as new Build Order

INnoVation Terran - Winner!

Build Orders: Gas First Reaper Expand 

Get SALT Encoding   

  12  0:00  SCV  
  13  0:12  SCV  
  14  0:17  Supply Depot  
  14  0:24  SCV  
  14  0:27  Refinery  
  15  0:39  SCV  
  16  0:43  Barracks  
  16  0:51  SCV  
  17  1:03  SCV  
  18  1:15  SCV  
  19  1:30  Reaper, Orbital Command  
  20  1:42  Command Center  
  20  1:54  Factory  
  20  1:56  SCV  
  21  2:04  Barracks Reactor  
  21  2:08  SCV  
  22  2:11  Supply Depot  
  22  2:12  Refinery  
  22  2:20  SCV  
  23  2:32  SCV  
  24  2:41  Starport  
  24  2:44  Hellion x2  
  28  2:45  SCV  
  29  2:51  Marine  
  29  2:55  Orbital Command  
  29  2:57  SCV  
  31  3:07  Hellion x2  
  31  3:09  SCV  
  31  3:11  Barracks Tech Lab  
  36  3:18  Viking  
  38  3:23  SCV  
  38  3:24  SCV  
  40  3:30  Stimpack  
  40  3:35  SCV  
  40  3:36  SCV  
  40  3:41  Barracks  
  42  3:42  Supply Depot  
  42  3:45  Factory Tech Lab  
  42  3:48  SCV x2  
  44  3:50  Starport Reactor  
  44  3:54  Barracks  
  44  4:00  SCV x2  
  46  4:05  Marine  
  46  4:09  Engineering Bay  
  47  4:10  Supply Depot  
  47  4:13  Siege Tank  
  47  4:15  SCV  
  47  4:17  SCV  
  52  4:22  Refinery  
  52  4:25  Marine  
  52  4:28  SCV  
  54  4:32  Marine x2, SCV  
  54  4:34  Starport Reactor  
  54  4:37  Terran Infantry Weapons Level 1  
  57  4:41  Supply Depot  
  57  4:45  SCV x2  
  60  4:53  Siege Tank  
  60  4:54  Supply Depot  
  62  5:02  Marine x4  
  62  5:03  SCV x2  
  68  5:09  Supply Depot  
  68  5:13  Medivac  
  70  5:15  Medivac, Marine  
  70  5:19  Supply Depot  
  70  5:20  Marine x4  
  77  5:26  SCV  
  77  5:28  Supply Depot  
  78  5:31  Combat Shield, SCV  
  79  5:38  Marine x3  
  79  5:39  Marine x2  
  84  5:48  Siege Tank  
  87  5:56  Marine x5  
  91  6:04  Medivac  
  87  6:14  Marine x5  
  76  6:33  Siege Tank  
  76  6:38  SCV x2  
  64  6:48  Marine x5  
  70  6:54  SCV x2  
  71  7:05  Marine  
  71  7:06  Marine, SCV x2  
  71  7:07  Marine x3  
  78  7:22  Terran Infantry Armor Level 1  
  78  7:23  Supply Depot x2  
  78  7:27  Marine  
  78  7:28  SCV x2  
  78  7:29  Marine  
  78  7:31  Marine x2  
  78  7:32  Marine  
  78  7:36  Siege Tank  
  67  7:40  SCV x2  
  63  7:45  Marine  
  63  7:47  Marine  
  63  7:49  Marine x2  
  63  7:50  Marine  
  68  7:52  SCV x2  
  68  7:55  Medivac  
  72  7:59  Supply Depot  
  72  8:03  Marine  
  72  8:04  Marine, SCV x2  
  76  8:06  Marine  
  76  8:07  Marine  
  76  8:09  Siege Tank  
  76  8:11  Marauder  
  83  8:16  SCV x2  
  85  8:21  Marine  
  85  8:22  Marine, Supply Depot  
  87  8:28  SCV  
  87  8:29  SCV  
  87  8:32  Marine x2  
  87  8:33  Concussive Shells, Marauder  
  93  8:34  Supply Depot  
  93  8:38  Marine  
  93  8:40  Marine, SCV  
  93  8:41  Siege Tank  
  93  8:46  SCV  
  94  8:53  Medivac, SCV  
  94  8:54  Marine  
  94  8:58  Marine  
  91  9:03  SCV  
  91  9:05  SCV  
  93  9:12  Marauder, Marine x3  
  93  9:15  SCV  
  93  9:16  Marine  
  101  9:17  SCV  
  101  9:25  Siege Tank  
  101  9:29  SCV x2  
  101  9:30  Marine  
  107  9:38  Marauder, Marine x3  
  112  9:45  Medivac  
  112  9:47  SCV x2  
  112  9:48  Marine, Supply Depot  
  103  9:56  Marine x3  
  102  10:00  Marauder  
  102  10:05  Supply Depot  
  98  10:14  SCV  
Tags
 
Add a new tag
Caveats
  • Supply blocks, unpowered buildings, or Contaminate may cause inaccurate times.
  • Supply counts are checked every 10 seconds.